[Event "Israeli Championship 2022"]
[Site "Yosiah Arad"]
[Date "2022.12.12"]
[Round "8.6"]
[White "Parkhov, Yair"]
[Black "Mikhalevski, Victor"]
[Result "0-1"]
[ECO "D37"]
[WhiteElo "2470"]
[BlackElo "2517"]
[Annotator "TA"]
[PlyCount "158"]
[EventDate "2022.12.05"]
[EventType "swiss"]
[EventCountry "ISR"]
[SourceTitle "playchess.com"]
[Source "ChessBase"]
[SourceQuality "1"]
[TimeControl "40/5400+30:1800+30"]

1. d4 d5 2. c4 e6 3. Nc3 a6 4. cxd5 exd5 5. Nf3 Nf6 6. Bg5 {[%emt 0:00:18] D37: Queen's Gambit Declined: 5 Bf4.} Be6 7. e3 Nbd7 8. Bd3 {[%emt 0:00:08] The position is equal.} Bd6 9. O-O O-O 10. h3 c6 11. Bf4 Qb8 12. Qc1 {[%emt 0:02:04] [#]} Nh5 $146 ({Predecessor:} 12... h6 13. Rd1 Nh5 14. Bxd6 Qxd6 15. b3 Rfe8 16. Qb2 g6 17. Rac1 Ng7 18. e4 dxe4 19. Nxe4 {½-½ (32) Bronstein,O (2463)-Filip,A (2324) Miercurea Ciuc 2022}) 13. Bxd6 Qxd6 14. b3 f5 15. Ne2 Nhf6 16. Qb2 a5 17. Nf4 Ne4 {[%emt 0:02:57] Inhibits Ng5.} 18. h4 Bf7 19. g3 Rfe8 20. Kg2 g6 21. Be2 Nef6 22. Rh1 h5 ({Black should try} 22... Qe7 $14) 23. Rhc1 Ng4 24. Ng5 Ngf6 25. a3 $1 b6 26. b4 a4 27. Rc2 b5 28. Rac1 Ra6 29. Nd3 Re7 30. Nf3 Be8 31. Nde5 Nf8 32. Ng5 Ne6 33. Nh3 Ne4 34. f3 Nf6 35. Rc3 (35. Nf4 {simplifies} Nxf4+ 36. gxf4 Nh7 37. Qc3) 35... Kg7 36. Qc2 Nd8 37. Nf4 Rb6 38. Bd3 Rxe5 39. dxe5 Qxe5 40. Qd2 Rb7 41. Bb1 Re7 42. Qd4 Bd7 43. Qxe5 (43. Qb6 {feels hotter.} Re8 44. Kf2 Qe7 45. Bd3) 43... Rxe5 44. Kf2 Ne8 45. Nd3 Re7 46. Nc5 Nd6 47. e4 fxe4 48. fxe4 Bg4 {[%emt 0:00:41] [#]} 49. Re1 $1 Nc4 50. exd5 Rf7+ 51. Kg2 cxd5 52. Rd3 Nc6 {[%emt 0:00:39] Strongly threatening ...N6e5. Pair of Knights!} 53. Ba2 (53. Rxd5 $2 Bf3+ 54. Kg1 Bxd5 $19) 53... N6e5 (53... d4 $11 {remains equal.}) 54. Bxc4 $16 (54. Rxd5 $2 Bf3+ 55. Kg1 Bxd5 $19) 54... bxc4 55. Rde3 (55. Rxd5 $6 Bf3+ 56. Kg1 Bxd5 $11) 55... Bf3+ $2 (55... Nf3 $14 56. Rf1 Nd2 57. Rxf7+ Kxf7) 56. Kg1 $18 Be4 57. Nxe4 ({Inferior is} 57. Nxa4 Nf3+ 58. Kf2 Nxh4+ 59. Ke2 Ng2 60. Rxe4 Nxe1 $17) (57. Ne6+ $16 Kg8 58. Ng5) 57... Nf3+ $11 {[%emt 0:00:01] [#]} 58. Rxf3 $1 Rxf3 {[%emt 0:00:02][%mdl 4096] Endgame KRN-KR} 59. Nc5 {[%emt 0:01:17] And now b5 would win.} Rxg3+ 60. Kf2 (60. Kf1 $5 Rf3+ 61. Ke2 Rxa3 62. Rd1 Ra2+ 63. Ke3 $16) 60... Rxa3 61. b5 Ra2+ 62. Re2 (62. Ke3 $5 Rb2 63. Kd4 $14 (63. Nxa4 Rxb5 64. Kd4 c3 $14)) 62... Rxe2+ 63. Kxe2 {[%emt 0:00:01] KN-KP} a3 64. Ne6+ $2 (64. b6 $11 a2 65. b7) 64... Kf6 $19 65. Nd4 {[%emt 0:00:03] [#] aiming for b6.} a2 $1 66. Nc2 d4 $1 67. b6 d3+ 68. Kf2 dxc2 {[%emt 0:00:07] KP-KP} 69. b7 a1=Q 70. b8=Q {[%emt 0:00:07] KQ-KQ} Qd4+ 71. Kf3 Qg4+ (71... c1=B 72. Qh8+ Ke7 73. Qxd4 $18) 72. Kf2 Qxh4+ (72... Qf5+ $142 73. Kg2 c1=Q 74. Qd6+ Kg7 75. Qd4+ Kh7 76. Qa7+ Kh6 77. Qf2 c3 78. Kg3 Qxf2+ 79. Kxf2 Qf4+ 80. Ke2 c2 81. Ke1 c1=Q+ 82. Ke2 Qff1#) 73. Kf3 Qg4+ (73... c1=B $2 74. Qd8+ Kf5 75. Qxh4 $18) 74. Kf2 Qf5+ ({Worse is} 74... c1=Q 75. Qe5+ Kf7 76. Qe8+ Kf6 77. Qe5+ Kf7 78. Qe8+ Kf6 79. Qe5+ $11) 75. Kg2 Qd5+ 76. Kf2 c1=Q {[%emt 0:00:08] ( -> ...Qc2+)} 77. Qf8+ Qf7 (77... Kg5 $142 78. Qe7+ Kg4 79. Qe2+ Kf4 80. Qe4+ Kxe4 81. Kg3 Qdg5+ 82. Kh2 Qcg1+ 83. Kh3 Qh1#) 78. Qc5 Kg7+ 79. Kg3 Qff4+ {[%emt 0:00:08] Both players deserved the win here.   Weighted Error Value: White=0.09 (flawless) /Black=0.14 (very precise)} 0-1

[Event "Israeli Championship 2022"]
[Site "Yosiah Arad"]
[Date "2022.12.12"]
[Round "8.7"]
[White "Postny, Evgeny"]
[Black "Yaniv, Yuval"]
[Result "0-1"]
[ECO "E92"]
[WhiteElo "2588"]
[BlackElo "2343"]
[Annotator "TA"]
[PlyCount "104"]
[EventDate "2022.12.05"]
[EventType "swiss"]
[EventCountry "ISR"]
[SourceTitle "playchess.com"]
[Source "ChessBase"]
[SourceQuality "1"]
[TimeControl "40/5400+30:1800+30"]

1. d4 Nf6 2. c4 g6 3. Nc3 Bg7 4. e4 d6 5. Nf3 O-O 6. Be2 e5 7. d5 a5 8. h3 Na6 9. Bg5 h6 10. Be3 Nh5 11. Nd2 {[%emt 0:02:42] E92: King's Indian: Classical: 6 Be2 e5: 7 dxe5, 7 Be3 and Petrosian System without 7...Nbd7.} Nf4 12. Bf1 a4 {[%emt 0:00:04] [#]} 13. Ndb1 $146 {[%emt 0:19:04] White is slightly better.} (13. Nxa4 f5 $11) ({Predecessor:} 13. a3 f5 14. g3 Nd3+ 15. Bxd3 f4 16. Qe2 fxe3 17. Qxe3 Nc5 18. Rh2 h5 19. Bc2 {½-½ (37) Gonzalez Sanchez,F (2238)-Hehir,M (2288) ICCF email 2019}) 13... f5 14. g3 Nh5 15. exf5 $1 Bxf5 16. g4 Bxb1 17. Rxb1 Nf4 18. Ne4 b6 19. Qc2 Nc5 20. Rd1 Qd7 21. Rg1 Kh8 22. Rd2 Qf7 (22... Bf6 {seems wilder.} 23. Nxf6 Rxf6 24. g5 hxg5 25. Rxg5 Kg7) 23. h4 Rfe8 24. Kd1 Na6 25. Rg3 Qe7 26. g5 {[%emt 0:01:13] Prevents a3.} h5 (26... a3 $14) 27. Bh3 (27. Nf6 $1 $16) 27... Rf8 $36 {[%emt 0:05:53][%mdl 2048] Black has some pressure.} 28. Ke1 Nb4 {[%emt 0:02:59] Pair of Knights!} 29. Qb1 Qf7 30. f3 (30. Bxf4 $11 Qxf4 31. Bg2) 30... a3 $17 31. b3 (31. bxa3 Rxa3 32. Kf2 Nxh3+ 33. Rxh3 Qf5 $19) 31... b5 $1 {[%emt 0:00:29] aiming for ...bxc4. Black is more active.} 32. Bf1 {[%emt 0:03:34] [#]} ({Better is} 32. Nf6 $15) 32... bxc4 $1 33. bxc4 Rfb8 {[%emt 0:01:51][%cal Rb4d5] White must now prevent ...Nbxd5!} (33... Rab8 $5 34. Qc1 Ra8 $11) 34. Qd1 Rb7 35. Kf2 $1 Qe8 36. Kg1 Rab8 37. Qc1 Qa4 {[%emt 0:01:12][%cal Ob4a2] And now ...Nxa2! would win.} (37... Nxa2 {feels hotter.} 38. Rxa2 Rb2 39. Rxa3 Rb1) 38. Nc3 Qa5 39. Nb5 {[%emt 0:02:49] [#]} Nfxd5 $1 40. cxd5 Rxb5 41. Bxb5 Rxb5 42. f4 $2 ({White must play} 42. Qc3 $15) 42... exf4 $19 ({Stronger than} 42... Nxd5 43. Bf2 $17) (42... Rxd5 43. f5 Rxd2 44. Bxd2 Qb6+ 45. Be3 $16) 43. Bd4 Nxd5 ({And not} 43... fxg3 44. Qf1 Kg8 45. Bxg7 $11) 44. Bxg7+ Kxg7 45. Qa1+ Kh7 46. Rgd3 Qb6+ ({Black should play} 46... Ne3 $19 {Strongly threatening ...Qb6.} 47. Qf6 Nf5 48. Qf7+ Ng7 49. Qxf4 (49. Kh2 $2 Rb2 $19) 49... Rb1+ 50. Kg2 Nf5) 47. Kh2 $2 (47. Qd4 $15) 47... Ne3 48. Qc3 Nf1+ (48... Ng4+ $142 49. Kh3 Qb7) 49. Kh3 Nxd2 50. Qf6 {[%emt 0:00:00] [#]} Rf5 $1 51. Qe7+ Kg8 {[%emt 0:00:00][%cal Ob6g1] ( -> ...Qg1!)} 52. Rxa3 Qc6 {[%emt 0:00:00] Weighted Error Value: White=0.54/Black=0.19 (very precise)} 0-1

[Event "Israeli Championship 2022"]
[Site "Yosiah Arad"]
[Date "2022.12.12"]
[Round "8.8"]
[White "Zemach, Nadav"]
[Black "Gorodetzky, David"]
[Result "0-1"]
[ECO "E60"]
[WhiteElo "2402"]
[BlackElo "2495"]
[Annotator "TA"]
[PlyCount "102"]
[EventDate "2022.12.05"]
[EventType "swiss"]
[EventCountry "ISR"]
[SourceTitle "playchess.com"]
[Source "ChessBase"]
[SourceQuality "1"]
[TimeControl "40/5400+30:1800+30"]

1. d4 Nf6 2. c4 c5 3. d5 b5 4. cxb5 a6 5. bxa6 g6 6. Nc3 Bg7 7. g3 O-O 8. Bg2 d6 9. Nf3 Nxa6 10. O-O Bf5 {[%emt 0:00:02] E60: King's Indian: Unusual lines and Fianchetto Variation without Nc3.} 11. Nh4 {[%emt 0:01:42] aiming for Nxf5.} (11. a3 $5 ) 11... Bd7 12. h3 Qb6 {[%emt 0:10:25] The position is equal.} 13. Re1 Rfb8 {[%emt 0:13:30] [#]} 14. Nf3 $146 ({Predecessor:} 14. Rb1 Ne8 15. Bd2 Nec7 16. b3 Nb5 17. Nxb5 Bxb5 18. a4 Bd7 19. e4 c4 20. bxc4 Qxb1 21. Qxb1 Rxb1 22. Rxb1 Bxa4 {1-0 (36) Stern,R (2504)-Schulz,K (2343) Guben 2011}) 14... Bc8 15. Rb1 Nc7 16. e4 Nd7 {[%emt 0:00:48][%cal Bf6d7,Bd7b6,Bb6d5,Bd5b4][%mdl 32] Against e5. White must now prevent ...Bxc3.} 17. Bd2 Nb5 18. Na4 Qa7 19. b3 Nb6 20. e5 $1 Bf5 {[%emt 0:06:19][%cal Rb6a4] [#]} 21. Rb2 (21. Nxb6 $1 $14 Rxb6 22. Rb2) 21... Nxd5 $11 22. Qe2 (22. Ng5 $11 {keeps the balance.} Ndc7 23. g4) 22... Nbc7 23. Bc1 Nb4 {[%emt 0:07:59] Black is more active.} 24. Rd2 {[%emt 0:01:21] Prevents Nd3. Black keeps a firm grip on the game.} (24. Rd1 $15) 24... d5 $17 25. Ba3 Bd7 {[%emt 0:01:11] Prevents e6.} 26. Bxb4 Rxb4 27. Nc3 e6 28. Rc2 c4 29. Nd2 cxb3 30. Nxb3 Nb5 31. Nxb5 Bxb5 32. Qd2 Ra4 33. Bf1 Bc4 34. Bxc4 Rxc4 35. Rxc4 (35. Re2 $17) 35... dxc4 $19 36. Nc1 Qc5 37. Qe3 Qd5 38. Qe2 h5 39. Rd1 Qc5 ({Stronger than} 39... Qxe5 40. Qxc4 Ra3 41. Rd8+ Kh7 42. Rd3 $17) 40. Qf3 Rf8 41. Ne2 Bxe5 {[%emt 0:02:23] Strongly threatening ...c3.} (41... Qxe5 $2 {loses.} 42. Rc1 $19) 42. Rc1 Rd8 {[%emt 0:04:34] And now ...Rd2 would win.} 43. Qe4 c3 {[%emt 0:03:06][%cal Bc4c3,Bc3c2][%mdl 32] Hoping for ...Rd2.} 44. Nf4 $2 (44. Qe3 Qxe3 45. fxe3) 44... Bxf4 45. Qxf4 {[%emt 0:01:22][%mdl 4096] Endgame KQR-KQR} c2 {[%emt 0:00:50] ( -> ...Rd1+)} 46. Qf3 {[%emt 0:01:10] Inhibits Rd1+.} Rd2 47. Kg2 Qd4 48. Qf4 Qd5+ {[%emt 0:00:16] Black mates.} 49. Qf3 {[%emt 0:00:27] [#]} Rxf2+ $3 50. Kxf2 Qd2+ (50... Qxa2 $2 51. Qe4 $18) 51. Qe2 Qxc1 {[%emt 0:00:06] Weighted Error Value: White=0.57/Black=0.08 (flawless)} 0-1

[Event "Israeli Championship 2022"]
[Site "Yosiah Arad"]
[Date "2022.12.12"]
[Round "8.9"]
[White "Rozen, Eytan"]
[Black "Iliaguev, Nisim"]
[Result "1/2-1/2"]
[ECO "C11"]
[WhiteElo "2459"]
[BlackElo "2364"]
[Annotator "TA"]
[PlyCount "61"]
[EventDate "2022.12.05"]
[EventType "swiss"]
[EventCountry "ISR"]
[SourceTitle "playchess.com"]
[Source "ChessBase"]
[SourceQuality "1"]
[TimeControl "40/5400+30:1800+30"]

1. e4 e6 2. d4 d5 3. Nc3 Nf6 4. e5 Nfd7 5. Nce2 c5 6. c3 Nc6 7. f4 b5 {[%emt 0:05:15] C11: French: Classical System: 4 e5 and 4 Bg5 dxe4.} 8. dxc5 Bxc5 9. Nd4 Qb6 10. Ngf3 b4 11. Be3 Ba6 {[%emt 0:03:40] [#]} 12. Bd3 $146 ({Predecessor:} 12. Qa4 Bxf1 13. Rxf1 Na5 14. Bf2 Nc4 15. Rb1 bxc3 16. b4 Nd2 17. Rc1 Nxf3+ {0-1 (17) Bargel,M (2117)-Musil,M (1984) Czech Republic 2019}) 12... bxc3 13. bxc3 Bxd4 14. cxd4 Bxd3 15. Qxd3 Qb4+ 16. Kf2 Qc4 17. Qa3 {[%emt 0:02:03] [#] Strongly threatening Rhc1.} (17. Qxc4 {simplifies} dxc4 18. Rab1 Nb6 19. Nd2) 17... Qb4 18. Qd3 (18. Qxb4 {simplifies} Nxb4 19. Bd2 a5 20. Kg3) 18... Qc4 19. Qa3 {[%emt 0:00:07] Threatens to win with Rhc1.} (19. Qxc4 {simplifies} dxc4 20. Rab1 Nb6 21. Nd2) 19... Qb4 20. Qa6 (20. Qxb4 {simplifies} Nxb4 21. Bd2 a5 22. Ke2) 20... Qc4 21. Qxc4 dxc4 22. Rhc1 Nb6 23. Nd2 (23. Rab1 $5 ) 23... Nb4 24. Ke2 Rc8 25. Ne4 O-O 26. Rab1 ({Much weaker is} 26. Nd6 Rc6 $11) 26... N4d5 (26... N6d5 {with more complications.} 27. a3 f5 28. exf6 Nd3) 27. Nd6 Rc7 28. Rb5 c3 {[%emt 0:04:43] The position is equal.} 29. Rc5 {[%emt 0:01:45] Inhibits Nc4. Black must now prevent Rxc7.} Na4 {[%emt 0:03:26] Pair of Knights!} 30. Ra5 Nab6 31. Rc5 {[%emt 0:00:19] Weighted Error Value: White=0.13 (very precise) /Black=0.12 (very precise)} 1/2-1/2

[Event "Israeli Championship 2022"]
[Site "Yosiah Arad"]
[Date "2022.12.12"]
[Round "8.10"]
[White "Sitbon, Itay"]
[Black "Levitan, Tal"]
[Result "0-1"]
[ECO "E04"]
[WhiteElo "2092"]
[BlackElo "2243"]
[Annotator "TA"]
[PlyCount "152"]
[EventDate "2022.12.05"]
[EventType "swiss"]
[EventCountry "ISR"]
[SourceTitle "playchess.com"]
[Source "ChessBase"]
[SourceQuality "1"]
[TimeControl "40/5400+30:1800+30"]

1. d4 Nf6 2. c4 e6 3. Nf3 d5 4. g3 dxc4 5. Bg2 a6 6. O-O Nc6 7. e3 Rb8 8. Nfd2 e5 {[%emt 0:02:20] E04: Open Catalan: 5 Nf3.} 9. Bxc6+ bxc6 10. dxe5 Ng4 {[%emt 0:00:05] White is slightly better.} 11. Nxc4 Be6 {[%emt 0:00:04] [#] Hoping for ...Qxd1.} 12. Nbd2 h5 {[%emt 0:00:23] White must now prevent ...h4.} 13. f3 $1 {[%emt 0:00:38] Prevents h4.} Rb4 14. fxg4 {[%emt 0:00:24] aiming for b3.} (14. Qe2 {with more complications.} h4 15. fxg4 hxg3 16. b3) 14... Bxc4 15. Nxc4 Qxd1 16. Rxd1 Rxc4 17. Bd2 Rxg4 18. Ba5 Bc5 19. Kf2 Bb6 20. Bc3 {[%emt 0:00:14] [#]} Rg5 $146 ({Predecessor:} 20... Rg6 21. Kf3 Re6 22. Rd3 O-O 23. Rad1 f6 24. Rd8 h4 25. gxh4 fxe5+ 26. Ke4 Rh6 {1-0 (40) Ding,L (2777)-Mamedyarov,S (2799) Huaian 2017}) 21. Kf3 Rf5+ 22. Ke4 Rf2 23. Rd2 Rxd2 24. Bxd2 $11 {[%emt 0:00:02][%mdl 4096] Endgame KRB-KRB} Rh6 25. Bc3 Rg6 26. Kf3 Re6 27. e4 ({White should play} 27. Rf1 $14) 27... Re7 28. Rd1 g6 29. Ke2 Re6 30. Rf1 Bc5 31. Rc1 Bf8 32. Bd4 Kd7 33. Rc3 Bg7 34. Rc5 Kc8 35. Ke3 Bf8 36. Rc4 Kb7 37. Kf4 c5 38. Bxc5 Bh6+ 39. Kf3 Rxe5 40. Be3 Bxe3 41. Kxe3 {[%emt 0:30:02] KR-KR} c5 42. Kf4 f6 43. h4 a5 44. Rc2 Kc6 45. Rd2 Re8 46. b3 Rb8 47. Ke3 {[%emt 0:00:00] next Rf2 is good for White.} Re8 48. Kf4 {[%emt 0:00:00] Against f5} a4 49. Rc2 axb3 50. axb3 Kb5 51. Rc3 Rd8 52. Ke3 Rd1 53. Rc4 Rb1 54. Rc3 Rg1 55. Kf2 Rd1 56. Ke2 Rd4 57. Re3 Kb4 58. e5 fxe5 59. Rxe5 Rd6 60. Rg5 Rc6 61. Kd2 Kxb3 {[%emt 0:00:00] Strongly threatening ...Rd6+.} 62. Rd5 $1 {[%emt 0:00:30] Inhibits Rd6.} Kb4 {[%emt 0:00:00] With the idea ...Kb3.} 63. Kc2 Rf6 64. g4 $2 {[%emt 0:02:53][%mdl 8192] This move loses the game for White.} (64. Rg5 $11) 64... hxg4 $19 {[%emt 0:00:40] Threatens to win with ...c4.} 65. Rg5 Rf2+ 66. Kc1 Rg2 67. Rxg6 c4 68. h5 Kb3 69. Rb6+ Kc3 70. Kb1 Rh2 {[%emt 0:01:38][%cal Og4g3] ( -> ...g3!)} 71. Rg6 Rxh5 {[%emt 0:00:13] Black mates.} 72. Rxg4 {[%emt 0:00:03] [#]} Kb3 $1 73. Rg3+ c3 74. Rg1 Rh2 75. Rf1 Rb2+ 76. Kc1 Ra2 {[%emt 0:00:03] Weighted Error Value: White=0.06 (flawless) /Black=0.04 (flawless)} 0-1

[Event "Israeli Championship 2022"]
[Site "Yosiah Arad"]
[Date "2022.12.12"]
[Round "8.11"]
[White "Streltsov, Alexey"]
[Black "Aizenberg, Benny"]
[Result "1-0"]
[ECO "B90"]
[WhiteElo "2313"]
[BlackElo "2375"]
[Annotator "TA"]
[PlyCount "71"]
[EventDate "2022.12.05"]
[EventType "swiss"]
[EventCountry "ISR"]
[SourceTitle "playchess.com"]
[Source "ChessBase"]
[SourceQuality "1"]
[TimeControl "40/5400+30:1800+30"]

1. e4 c5 2. Nf3 d6 3. d4 cxd4 4. Nxd4 Nf6 5. Nc3 a6 6. Be3 e5 7. Nb3 Be7 8. f3 Be6 9. Qd2 O-O 10. O-O-O Nbd7 11. g4 b5 12. g5 Nh5 {[%emt 0:00:05] is now more promising than 12...b4.} 13. Kb1 {[%emt 0:02:09] B90: Sicilian Najdorf: Unusual White 6th moves, 6 Be3 Ng4 and 6 Be3 e5.} Nb6 14. Nd5 Nxd5 15. exd5 {[%emt 0:00:07] The position is equal.} Bd7 16. Rg1 a5 17. Nc1 {[%emt 0:00:24][%cal Bb3c1,Bc1d3,Bd3f4][%mdl 32] [#]} (17. Nc5 $5) 17... g6 $146 ({Predecessor:} 17... f5 18. f4 exf4 19. Bxf4 Nxf4 20. Qxf4 Qb6 21. Rg3 Rae8 22. Ne2 Bd8 23. Qd2 Qf2 {½-½ (31) Doberitz,P (2206)-Schnitzer,P (2172) Germany 2015}) 18. Bd3 f5 19. gxf6 Bxf6 20. Be4 (20. Ne2 $11 {is more appropriate.}) 20... Nf4 (20... b4 $15) 21. Nd3 (21. h4 $5 ) 21... Bg7 (21... Nh3 {with more complications.} 22. Rg3 Bh4 23. Bh6 Rf6) 22. h4 Qxh4 23. Rh1 Qf6 24. Qh2 Nh3 {[%emt 0:06:07][%mdl 8192] Loses the game.} (24... Nh5 $1 $15) 25. Qg2 $1 $18 ({Weaker is} 25. Nf2 Nxf2 26. Qxf2 (26. Qxh7+ $2 {perishes.} Kf7 $19) 26... Bg4 $1 $11) 25... Nf4 {[%emt 0:01:54] [#]} (25... Qh4 26. Rdg1 Rf6) 26. Nxf4 $1 {[%emt 0:01:29][%mdl 64] Deflection} ({Worse is} 26. Qh2 Nh5 $15) 26... exf4 27. Bd4 Qf7 {[%emt 0:01:24] [#]} 28. Rxh7 $3 {[%emt 0:05:20][%mdl 576] Decoy, Clearance. White mates.} Kxh7 29. Rh1+ Kg8 30. Bxg6 Qe7 31. Bh7+ Kh8 32. Bf5+ Kg8 {[%emt 0:00:09] [#]} 33. Rh8+ $3 {[%emt 0:00:38][%mdl 576] Decoy} Kxh8 34. Qh2+ Kg8 35. Qh7+ Kf7 36. Bg6# {[%emt 0:00:02] Weighted Error Value: White=0.10 (very precise) /Black=0.60} 1-0

[Event "Israeli Championship 2022"]
[Site "Yosiah Arad"]
[Date "2022.12.12"]
[Round "8.14"]
[White "Shimshovich, Asaf"]
[Black "Uritsky, Yonathan"]
[Result "0-1"]
[ECO "A57"]
[WhiteElo "1941"]
[BlackElo "2216"]
[Annotator "TA"]
[PlyCount "102"]
[EventDate "2022.12.05"]
[EventType "swiss"]
[EventCountry "ISR"]
[SourceTitle "playchess.com"]
[Source "ChessBase"]
[SourceQuality "1"]
[TimeControl "40/5400+30:1800+30"]

1. d4 Nf6 2. c4 c5 3. d5 b5 4. cxb5 a6 5. b6 d6 6. Nc3 Nbd7 7. a4 Qxb6 8. Nf3 g6 9. e4 Bg7 10. Be2 O-O 11. O-O Rb8 {[%emt 0:03:13] A57: Benko/Volga Gambit.} 12. Nd2 (12. a5 $5 Qa7 13. Qc2 $11) 12... h6 (12... Ne8 $11 {keeps the balance.}) 13. Nc4 $16 Qc7 {[%emt 0:04:11] White is slightly better.} 14. a5 Ne8 {[%emt 0:00:43] [#]} 15. Re1 $146 ({Predecessor:} 15. f4 Qa7 16. Be3 Nc7 17. Qd2 Rb3 18. Kh1 Nb5 19. Rac1 Nd4 20. Bd3 Nf6 21. e5 dxe5 22. fxe5 {1-0 (31) Gauthier,D (1967)-Deschesnes,J (1761) Repentigny 2003}) 15... Qb7 16. f4 Nc7 17. e5 Nb5 18. Nxb5 axb5 19. exd6 $2 (19. a6 $11 {and White has nothing to worry.} Qc7 20. Na5) 19... bxc4 $19 20. dxe7 Re8 (20... Bd4+ $17 21. Kh1 Re8) 21. Bxc4 $11 Qb4 $2 {[%emt 0:02:50] Inhibits d6.} (21... Bd4+ $11 22. Be3 (22. Kh1 Nf6 $17) 22... Bxb2) 22. Ra4 $18 {[%emt 0:00:47][%mdl 1024] White has strong compensation.} Qb7 23. d6 $1 Nf6 {[%emt 0:02:43] Prevents Bd5.} 24. b3 {[%emt 0:00:59] Bb2 is the strong threat.} Bd7 (24... Bg4 {was called for.} 25. Qd2 Bf5) 25. Ra2 {[%emt 0:00:35] Black must now prevent Bb2.} Bc6 $2 (25... Bg4 26. a6 Qd7) 26. Bb2 Qd7 27. Qd3 {[%emt 0:05:49] Strongly threatening Bxf6.} Ne4 28. Bxf7+ $2 Kxf7 $17 29. Qc4+ (29. Rxe4 $2 Bxb2 30. Qc4+ Kg7 31. Rxb2 Bxe4 $19) 29... Qe6 30. Qxe6+ Kxe6 {[%emt 0:00:01] The board is on fire.} 31. Bxg7 Rxb3 32. Rae2 ({Of course not} 32. Rd2 Rb1 $1 33. Rxb1 Nxd2 $17) 32... Rb4 33. Bxh6 Kxd6 34. Bf8 Kd7 35. Rd1+ (35. h4 $15) 35... Kc7 {[%emt 0:01:03] And now ...Nc3 would win.} 36. Re3 {[%emt 0:00:51] [#] Against Nc3} (36. Rde1 $17 {is a better defense.}) 36... c4 $1 $19 37. Bg7 Rb3 {[%emt 0:01:30] Inhibits h4.} ({Don't take} 37... Rxe7 38. Bf8 $18) 38. Rxb3 cxb3 39. Rb1 $2 (39. Be5+ {might work better.} Kb7 40. Rd4) 39... Bd5 (39... Rxe7 $2 {perishes.} 40. Be5+ Rxe5 41. fxe5 $19) 40. Bf8 Kb7 41. g4 Nc3 42. Rb2 Na4 43. Rb1 b2 44. f5 gxf5 45. gxf5 $2 (45. Bg7 Ba2 46. Rxb2+ Nxb2 47. Bxb2) 45... Be4 {[%emt 0:00:02][%csl LRb1,LRf5] Black is clearly winning.} 46. Rxb2+ Nxb2 47. f6 Bg6 48. Kg2 Ra8 49. Bg7 Nc4 50. Kg3 Rxa5 51. h4 Kc6 {[%emt 0:00:16] Weighted Error Value: White=0.72/Black=0.44} 0-1

[Event "Israeli Championship 2022"]
[Site "Yosiah Arad"]
[Date "2022.12.12"]
[Round "8.15"]
[White "Ben-Menachem, Itzhak"]
[Black "Shachar, Ehud"]
[Result "1/2-1/2"]
[ECO "A36"]
[WhiteElo "2291"]
[BlackElo "2319"]
[Annotator "TA"]
[PlyCount "29"]
[EventDate "2022.12.05"]
[EventType "swiss"]
[EventCountry "ISR"]
[SourceTitle "playchess.com"]
[Source "ChessBase"]
[SourceQuality "1"]
[TimeControl "40/5400+30:1800+30"]

1. c4 c5 2. Nc3 Nc6 3. g3 g6 4. Bg2 Bg7 5. e3 e5 6. Nge2 Nge7 7. O-O O-O 8. a3 d6 9. Rb1 a5 10. d3 Bf5 {[%emt 0:00:34] [#] 10...Be6 gains popularity. A36: Symmetrical English vs ...g6: 4 Bg2 Bg7.} 11. Qc2 $146 ({Predecessor:} 11. Nb5 Rb8 12. Nec3 b6 13. h3 Be6 14. Nd5 f5 15. Bd2 Qd7 16. Kh2 Kh8 17. Nbc3 Bf7 18. Qa4 {½-½ (33) Gurevich,M (2633)-Iskusnyh,S (2510) Kusadasi 2006}) 11... Qd7 12. Re1 Bh3 {[%emt 0:00:21] The position is equal.} 13. Bh1 h5 14. Bd2 h4 15. Nd5 {[%emt 0:00:10] A balanced but interesting game.   Weighted Error Value: White=0.09 (flawless) /Black=0.07 (flawless)} 1/2-1/2